Map: Beladona LE

Players

Trinity - Winner!

  • Race: Protoss Protoss
  • League: Diamond
  • Spawn Location: 11:00

LowLinK

  • Race: Protoss Protoss
  • League: Diamond
  • Spawn Location: 5:00

VOD

Have the link to the VOD?

Description

Time

  • Played on: Feb. 16, 2020, 1:24 p.m.
  • Length: 4:07
Show
View Real Time Build Order
Export as new Build Order

Trinity Protoss - Winner!

Build Orders:  

Get SALT Encoding   

  12  0:01  Probe (Chrono Boost)  
  13  0:12  Probe (Chrono Boost)  
  14  0:17  Probe (Chrono Boost)  
  15  0:38  Pylon  
  15  0:56  Probe  
  16  0:57  Gateway  
  16  0:59  Gateway  
  16  1:04  Gateway  
  16  1:08  Probe  
  17  1:21  Gateway  
  17  1:32  Pylon  
  17  1:47  Zealot (Chrono Boost)  
  19  1:51  Zealot (Chrono Boost)  
  23  1:55  Pylon  
  23  1:57  Zealot (Chrono Boost)  
  23  2:06  Zealot  
  23  2:08  Zealot  
  27  2:11  Zealot  
  29  2:19  Zealot  
  31  2:33  Zealot  
  33  2:38  Pylon  
  33  2:39  Zealot  
  35  2:47  Zealot  
  35  2:50  Zealot  
  39  3:06  Zealot  
  39  3:07  Zealot  
  43  3:14  Zealot  
  45  3:28  Zealot  
  47  3:36  Zealot  
  47  3:40  Pylon  
  45  3:58  Forge  
  45  4:01  Pylon  
Show
View Real Time Build Order
Export as new Build Order

LowLinK Protoss 

Build Orders:  

Get SALT Encoding   

  12  0:01  Probe  
  13  0:13  Probe  
  14  0:19  Pylon  
  14  0:25  Probe  
  15  0:37  Probe (Chrono Boost)  
  15  0:38  Gateway  
  16  0:48  Probe (Chrono Boost), Assimilator  
  17  0:53  Probe (Chrono Boost)  
  17  0:55  Assimilator  
  18  1:03  Probe  
  19  1:15  Probe  
  20  1:22  Pylon  
  20  1:27  Probe, Cybernetics Core  
  21  1:37  Zealot  
  23  1:40  Probe  
  24  1:52  Probe  
  25  1:57  Warp Gate (Chrono Boost)  
  25  1:58  Pylon  
  25  2:17  Gateway  
  25  2:18  Pylon  
  25  2:41  Gateway  
  25  2:44  Stalker  
  25  2:45  Gateway  
  27  2:54  Gateway  
  19  3:10  Probe  
  19  3:31  Stalker x2  
  16  3:58  Sentry  
Tags
 
Add a new tag
Caveats
  • Supply blocks, unpowered buildings, or Contaminate may cause inaccurate times.
  • Supply counts are checked every 10 seconds.